 Dungeon Crawl Stone Soup version 0.25-a0-41-g6cf4ce537d (webtiles) character file.

Game seed: 6193254850632459929, levelgen mode: deterministic

69423 Mort the Warrior (level 14, 0/135 HPs)
             Began as a Pale Draconian Wizard on Oct 20, 2019.
             Was an Initiate of Gozag.
             Succumbed to a vampire knight's poison
             ... on level 12 of the Dungeon on Oct 21, 2019.
             The game lasted 02:28:46 (37276 turns).

Mort the Warrior (Pale Draconian Wizard)           Turns: 37276, Time: 02:28:46

Health: 0/135      AC: 19    Str: 11    XL:     14   Next: 90%
Magic:  29/29      EV: 16    Int: 29    God:    Gozag
Gold:   4539       SH:  0    Dex: 12    Spells: 11/35 levels left

rFire    . . .     SeeInvis +   L - +6 demon trident
rCold    . . .     Gourm    .   Q - +2 buckler {AC+3}
rNeg     . . .     Faith    .   (armour unavailable)
rPois    .         Spirit   .   a - +1 hat
rElec    .         Reflect  .   x - +1 cloak
rCorr    .         Harm     .   U - +1 pair of gloves {Dex+3}
MR       +++..                  z - +2 pair of boots {Fly}
Stlth    +.........             M - amulet of magic regeneration
HPRegen  0.32/turn              e - ring of magical power
MPRegen  0.46/turn              q - ring of the Median {MR++ MP-9 Int+6 SInv}

@: confused, lethally poisoned (0 -> -51), flying, very heavily drained
A: breathe steam, unfitting armour, cold-blooded, AC +8
a: Breathe Steam, Potion Petition, Call Merchant, Bribe Branch, Renounce
Religion, Stop Flying


You were on level 12 of the Dungeon.
You worshipped Gozag.
Gozag was most pleased with you.
You were not hungry.

You visited 4 branches of the dungeon, and saw 22 of its levels.
You also visited: Gauntlet.

You collected 7470 gold pieces.
You spent 851 gold pieces at shops.
You paid 2080 gold pieces to Gozag.

Inventory:

Hand Weapons
 k - a +4 hunting sling of freezing
 l - the cursed +1 flail of Success {freeze, +Inv Dex+4, unknown}
   (You found it on level 6 of the Lair of Beasts)

   It has been specially enchanted to freeze those struck by it, causing extra
   injury to most foes and up to half again as much damage against particularly
   susceptible opponents.
   It can also slow down cold-blooded creatures.
   It affects your dexterity (+4).
   It lets you turn invisible.
   It has a curse placed upon it.
 L - a +6 demon trident (weapon)
Missiles
 h - 157 stones (quivered)
 H - a throwing net
 I - 8 curare-tipped darts
 K - 5 silver javelins
Armour
 a - a +1 hat (worn)
 x - a +1 cloak (worn)
 z - a +2 pair of boots of flying (worn)
 Q - a +2 buckler of protection (worn)
 U - a +1 pair of gloves of dexterity (worn)
Magical Staves
 T - an uncursed staff of power
Jewellery
 d - an uncursed ring of poison resistance
 e - a ring of magical power (left hand)
 f - an uncursed ring of protection from fire
 i - an uncursed ring of protection from cold
 q - the ring of the Median (right hand) {MR++ MP-9 Int+6 SInv}
   (You bought it in a shop on level 4 of the Lair of Beasts)

   [ring of see invisible]

   It affects your intelligence (+6).
   It affects your resistance to hostile enchantments.
   It affects your magic capacity (-9).
   It lets you see invisible.
 F - an uncursed ring of protection from fire
 M - an amulet of magic regeneration (around neck)
 N - an uncursed ring of positive energy
Wands
 b - a wand of scattershot (2)
 v - a wand of flame (21)
 B - a wand of iceblast (25)
 E - a wand of disintegration (21)
 J - a wand of polymorph (6)
 S - a wand of random effects (30)
 X - a wand of enslavement (15)
 Y - a wand of paralysis (3)
Scrolls
 g - 7 scrolls of remove curse
 m - 2 scrolls of magic mapping
 n - 3 scrolls of enchant weapon
 r - a scroll of blinking
 t - 2 scrolls of amnesia
 w - 2 scrolls of immolation
 D - 2 scrolls of enchant armour
 G - 3 scrolls of noise
 P - a scroll of fog
Potions
 o - a potion of ambrosia
 p - 3 potions of cancellation
 s - 4 potions of lignification
 u - 2 potions of haste
 A - 2 potions of mutation
 C - 2 potions of agility
 O - a potion of might
 R - a potion of resistance
 V - a potion of curing
 Z - a potion of magic
Comestibles
 c - 17 rations


   Skills:
 - Level 15.0(11.1) Fighting
 + Level 2.2(0.0) Polearms
 - Level 11.0(7.5) Dodging
 - Level 1.7(0.0) Stealth
 + Level 7.6(4.4) Shields
 - Level 11.0(7.5) Spellcasting
 - Level 9.0(5.6) Conjurations
 - Level 4.0(1.1) Charms
 - Level 2.0(0.0) Summonings
 - Level 1.0(0.0) Translocations
 - Level 10.0(6.6) Fire Magic
 - Level 2.3(0.0) Air Magic


You had 11 spell levels left.
You knew the following spells:

 Your Spells              Type           Power        Failure   Level  Hunger
a - Magic Dart            Conj           ####         1%          1    None
b - Call Imp              Summ           ##......     8%          2    None
c - Mephitic Cloud        Conj/Pois/Air  ###.....     7%          3    None
d - Conjure Flame         Conj/Fire      #####...     1%          3    None
e - Blink                 Tloc           N/A          8%          2    None
f - Iskenderun's Mystic   Conj           #####...     4%          4    ##.....
g - Fulminant Prism       Conj/Hex       ####......   16%         4    ##.....
h - Iskenderun's Battles  Conj/Chrm      ####....     32%         5    ####...

Your spell library contained the following spells:

 Spells                   Type           Power        Failure   Level  Hunger
 Sting                    Conj/Pois      ####         1%          1    None
 Searing Ray              Conj           #####.       1%          2    None
 Animate Skeleton         Necr           N/A          4%          1    None
 Apportation              Tloc           ##....       4%          1    None
 Confusing Touch          Hex            ##....       4%          1    None
 Sandblast                Erth           ##....       4%          1    None
 Summon Small Mammal      Summ           ##..         4%          1    None
 Dazzling Spray           Conj/Hex       ####..       4%          3    None
 Stone Arrow              Conj/Erth      ####..       4%          3    None
 Ignite Poison            Fire/Tmut/Pois ###.....     6%          3    None
 Corpse Rot               Necr           N/A          8%          2    None
 Passwall                 Tmut/Erth      ##......     8%          2    None
 Slow                     Hex            ##......     8%          2    None
 Confuse                  Hex            ##......     14%         3    None
 Gell's Gravitas          Tloc           ##........   14%         3    None
 Force Lance              Conj/Tloc      ####....     16%         4    ##.....
 Bolt of Magma            Conj/Fire/Erth ####......   26%         5    ####...
 Venom Bolt               Conj/Pois      ####......   38%         5    ####...
 Petrify                  Tmut/Erth      ##......     43%         4    ##.....
 Bolt of Fire             Conj/Fire      #####.....   52%         6    ######.
 Lee's Rapid Deconstruct  Erth           ##........   80%         5    ####...
 Metabolic Englaciation   Hex/Ice        ##........   80%         5    ####...
 Yara's Violent Unravell  Hex/Tmut       ##........   80%         5    ####...


Dungeon Overview and Level Annotations

Branches:
Dungeon (13/15)            Temple (1/1) D:7            Lair (6/6) D:11
  Swamp (0/4) Lair:4       Spider (0/4) Lair:4        Slime (0/5) Lair:6
    Orc (2/2) D:10            Elf (0/3) Orc:2       Gauntlet (visited)
 Vaults: D:13-14

Altars:
Cheibriados
Fedhas
Gozag
Hepliaklqana
Kikubaaqudgha
Okawaru
Ru
Sif Muna
Trog
Uskayaw
Wu Jian
Yredelemnul
Zin
Beogh

Shops:
D:9 [   D:10 *   D:11 [   Orc:2 }:([   Lair:4 =

Annotations:
Lair:6 exclusion: 3 oklob plants, Rupert
Orc:1 Saint Roka


Innate Abilities, Weirdness & Mutations

You can breathe blasts of scalding, opaque steam.
Your pale cyan-grey scales are hard. (AC +8)
You cannot fit into any form of body armour.
You are cold-blooded and may be slowed by cold attacks.


Message History

* * * LOW HITPOINT WARNING * * *
You feel extremely sick.
The vampire knight is engulfed in blazing flames.
You block the vampire knight's attack. The vampire knight closely misses you.
The vampire knight is engulfed in blazing flames.
The vampire knight misses you.
The vampire knight bites you but does no damage.
You are confused.
You feel invigorated.
* * * LOW HITPOINT WARNING * * *
You feel very sick.
The vampire knight is engulfed in blazing flames.
The vampire knight is infused with unholy energy.
* * * LOW HITPOINT WARNING * * *
The vampire knight draws life force from you and is healed!
You hit the vampire knight but do no damage.
You tail-slap the vampire knight, but do no damage.
The vampire knight is heavily damaged.
You die...
Your body crumbles into a pile of gold.

######..##.##..##....##.##.######
.......##.##.###.####.##.##.#....
....####.##.##[.##..##.##.#.#####
#..##....#[##.###....##.#.#)#
#.##.#####.#.##...V...#.#.#.#
###.##.[.[.#.#.# $ #.#.#.#
##.##.####.#.#$## ##.#.#)#
#.##.##..#.#.##V## ##.##.#.#####
#.#.##.....##.##@####.##.##.#....
#.#.#..."..###.##...[##.##(##....
#)#.#......####.######.##.###...#
#.#.##....##..##..)...##.## #...#
#.##.##..##.##.########)## #...#
##.##.####[####........## #...#
##.##....##..########### #...#
##.######.##..........## #...#
#####......##########....## #...#


You could see a vampire knight (invisible).

Vanquished Creatures
  A sphinx (D:12)
  An orc warlord (D:10)
  A yaktaur captain (D:12)
  Josephine (Lair:5)
  Fannar (D:10)
  4 hydras
  A centaur warrior (D:13)
  9 two-headed ogres
  An ogre mage (D:12)
  2 tengu warriors (D:12)
  4 death yaks (Lair:3)
  Urug (Orc:1)
  4 skeletal warriors
  A flayed ghost (D:12)
  2 unseen horrors
  An orc knight (Orc:1)
  A wolf spider zombie (D:13)
  A deep elf mage (D:12)
  6 orc sorcerers
  3 oklob plants (Lair:3)
  2 ugly things
  A cyclops (D:13)
  A manticore (D:12)
  A centaur zombie (D:11)
  4 black mambas
  A gargoyle (D:12)
  4 molten gargoyles (D:10)
  11 spiny frogs
  2 centaur skeletons (D:12)
  An efreet (D:13)
  A kobold demonologist (D:11)
  7 komodo dragons
  A rime drake (Lair:5)
  2 polar bears (Lair:6)
  A tyrant leech (Lair:4)
  A meliai (D:12)
  6 trolls
  A polar bear (shapeshifter) (D:12)
  5 blink frogs (Lair:4)
  A queen bee (Lair:2)
  13 hippogriffs
  4 slime creatures
  A shadow (D:11)
  4 wraiths
  3 spriggans (Lair:6)
  A vampire (D:10)
  2 basilisks
  2 wyverns
  21 yaks
  A hungry ghost (D:12)
  A vampire mosquito (D:12)
  4 wargs
  A soldier ant (D:13)
  Edmund (D:6)
  3 acid dragons (D:12)
  6 swamp worms
  Duvessa (D:6)
  16 water moccasins
  2 sky beasts
  13 porcupines
  2 ice beasts
  A black bear (Lair:1)
  40 orc warriors
  3 phantoms
  10 wolves
  An eye of draining (D:11)
  10 ogres
  A boggart (Lair:6)
  9 centaurs
  15 crocodiles
  12 bullfrogs
  3 big kobolds
  A wyvern zombie (D:13)
  Dowan (D:6)
  2 wyvern skeletons
  9 scorpions
  33 killer bees
  14 wights
  3 electric eels (Lair:3)
  2 vampire bats (D:4)
  6 crimson imps
  A howler monkey (D:8)
  A lava snake (D:10)
  A bullfrog zombie (D:7)
  4 jellies
  2 quasits
  6 hounds
  21 orc priests
  2 bullfrog skeletons (D:12)
  Crazy Yiuf (D:6)
  3 iguanas
  23 orc wizards
  6 worker ants
  A hound zombie (D:8)
  4 hound skeletons
  2 worker ant zombies
  Robin (D:4)
  14 adders
  2 river rats (D:11)
  2 shadow imps
  12 white imps (Lair:1)
  3 adder skeletons
  An adder zombie (D:8)
  A worm (D:3)
  2 dart slugs
  7 leopard geckos
  95 orcs
  4 ball pythons
  5 bats
  2 bat skeletons (D:4)
  3 bat zombies (D:4)
  3 giant cockroaches
  12 hobgoblins
  14 jackals
  5 quokkas
  A ball python zombie (D:5)
  4 frilled lizards
  15 goblins
  14 kobolds
  A leopard gecko zombie (D:5)
  A quokka skeleton (D:3)
  A quokka zombie (D:5)
  10 rats
  4 fulminant prisms
  3 fungi
  2 plants
700 creatures vanquished.

Vanquished Creatures (collateral kills)
  A swamp worm (Lair:1)
1 creature vanquished.

Vanquished Creatures (others)
  14 demonic plants (Gauntlet)
  63 fulminant prisms
  15 fungi
  26 plants
  11 withered plants (Gauntlet)
129 creatures vanquished.

Grand Total: 830 creatures vanquished

Notes
Turn   | Place    | Note
-------+----------+-------------------------------------------
     0 | D:1      | Mort the Draconian Wizard began the quest for the Orb.
     0 | D:1      | Reached XP level 1. HP: 14/14 MP: 4/4
   195 | D:1      | Reached skill level 1 in Fighting
   248 | D:1      | Reached XP level 2. HP: 21/23 MP: 0/6
  1047 | D:1      | Learned a level 2 spell: Call Imp
  1223 | D:1      | Reached skill level 2 in Fighting
  1545 | D:2      | Reached XP level 3. HP: 29/29 MP: 1/7
  1905 | D:2      | Learned a level 3 spell: Mephitic Cloud
  2052 | D:2      | Reached XP level 4. HP: 37/37 MP: 4/8
  2476 | D:3      | Reached skill level 1 in Air Magic
  2607 | D:3      | Found a hazy altar of Hepliaklqana.
  2635 | D:3      | Reached skill level 3 in Fighting
  2635 | D:3      | Reached XP level 5. HP: 45/45 MP: 9/9
  2748 | D:3      | Learned a level 3 spell: Conjure Flame
  3150 | D:3      | Found a shimmering blue altar of Sif Muna.
  3471 | D:4      | Reached skill level 4 in Fighting
  3471 | D:4      | Reached XP level 6. HP: 45/53 MP: 10/10
  3642 | D:4      | Found an ancient bone altar of Kikubaaqudgha.
  3653 | D:4      | Reached skill level 1 in Fire Magic
  3779 | D:4      | Found a blossoming altar of Fedhas.
  4148 | D:4      | Found a glowing silver altar of Zin.
  4148 | D:4      | Noticed an angel
  4304 | D:4      | Noticed Robin
  4307 | D:4      | Killed Robin
  4845 | D:5      | Entered Level 5 of the Dungeon
  4886 | D:5      | Reached skill level 5 in Fighting
  4911 | D:5      | Found an opulent altar of Gozag.
  4924 | D:5      | Became a worshipper of Gozag Ym Sagoz the Greedy
  5073 | D:5      | Your scales start taking on a pale cyan-grey colour.
  5073 | D:5      | Reached XP level 7. HP: 48/61 MP: 6/11
  5607 | D:6      | Found a hide-covered altar of Uskayaw.
  5609 | D:6      | Noticed a troll
  5710 | D:6      | Killed a troll
  5710 | D:6      | Reached skill level 5 in Spellcasting
  5710 | D:6      | Reached XP level 8. HP: 68/68 MP: 9/16
  5724 | D:6      | Noticed Duvessa
  5752 | D:6      | Noticed Dowan
  5775 | D:6      | Killed Duvessa
  5798 | D:6      | Killed Dowan
  6010 | D:6      | Noticed Edmund
  6024 | D:6      | Killed Edmund
  6107 | D:6      | Reached skill level 6 in Fighting
  6311 | D:6      | Found a runed translucent door.
  6312 | D:6      | Noticed Crazy Yiuf
  6534 | D:6      | Killed Crazy Yiuf
  6618 | D:6      | Reached skill level 7 in Fighting
  6661 | D:7      | Found an ornate altar of the Wu Jian Council.
  7238 | D:7      | Reached XP level 9. HP: 67/79 MP: 20/20
  7949 | D:7      | Reached skill level 8 in Fighting
  8050 | D:7      | Found a staircase to the Ecumenical Temple.
  8056 | Temple   | Entered the Ecumenical Temple
  8698 | D:8      | Found a snail-covered altar of Cheibriados.
  8761 | D:8      | Reached skill level 9 in Fighting
  9443 | D:9      | Bought a shiny buckler for 202 gold pieces
  9702 | D:9      | Reached skill level 1 in Shields
 10057 | D:9      | Reached XP level 10. HP: 92/93 MP: 22/22
 10305 | D:9      | Reached skill level 10 in Fighting
 10916 | D:9      | Found an opulent altar of Gozag.
 10928 | D:9      | Found a sacrificial altar of Ru.
 11105 | D:10     | Entered Level 10 of the Dungeon
 11128 | D:10     | Reached skill level 5 in Conjurations
 11231 | D:10     | Learned a level 2 spell: Blink
 11236 | D:10     | Learned a level 4 spell: Iskenderun's Mystic Blast
 11248 | D:10     | Noticed Fannar
 11347 | D:10     | Found an iron altar of Okawaru.
 11400 | D:10     | Noticed a two-headed ogre
 11448 | D:10     | Killed a two-headed ogre
 11578 | D:10     | Found Judov's General Store.
 11644 | D:10     | Found a staircase to the Orcish Mines.
 11824 | D:10     | Noticed a molten gargoyle
 11825 | D:10     | Noticed a molten gargoyle
 11863 | D:10     | Noticed a two-headed ogre
 11875 | D:10     | Killed a two-headed ogre
 12111 | D:10     | Killed Fannar
 12111 | D:10     | Reached skill level 5 in Dodging
 12111 | D:10     | Reached XP level 11. HP: 99/99 MP: 23/23
 13348 | D:10     | Found an iron altar of Okawaru.
 13733 | D:11     | Bought a pair of glowing boots for 180 gold pieces
 13733 | D:11     | Bought a pair of embroidered gloves for 180 gold pieces
 14083 | D:11     | Noticed a two-headed ogre
 14108 | D:11     | Killed a two-headed ogre
 14200 | D:11     | Noticed a two-headed ogre
 14216 | D:11     | Killed a two-headed ogre
 14346 | D:11     | Found a staircase to the Lair.
 14542 | D:11     | Found a basalt altar of Yredelemnul.
 14777 | Lair:1   | Entered Level 1 of the Lair of Beasts
 15035 | Lair:1   | Got a dazzling short sword
 15474 | Lair:1   | Reached skill level 10 in Dodging
 16347 | Lair:1   | Noticed an eight-headed hydra
 16645 | Lair:1   | Reached XP level 12. HP: 107/107 MP: 24/24
 16930 | Lair:1   | Learned a level 4 spell: Fulminant Prism
 16941 | Lair:1   | Killed an eight-headed hydra
 17277 | Lair:2   | Noticed a six-headed hydra
 17322 | Lair:2   | Killed a six-headed hydra
 17322 | Lair:2   | Reached skill level 11 in Fighting
 18802 | Lair:3   | Noticed a death yak
 18845 | Lair:3   | Killed a death yak
 19068 | Lair:3   | Noticed a death yak
 19081 | Lair:3   | Noticed a death yak
 19106 | Lair:3   | Killed a death yak
 19299 | Lair:3   | Noticed a death yak
 19311 | Lair:3   | Killed a death yak
 19311 | Lair:3   | Reached skill level 12 in Fighting
 19311 | Lair:3   | Reached skill level 10 in Spellcasting
 19366 | Lair:3   | Killed a death yak
 19662 | Lair:3   | Noticed a five-headed hydra
 19746 | Lair:3   | Killed a five-headed hydra
 20216 | Lair:3   | Identified the +3 short sword of Maptaos {freeze, *Corrode
                  | rElec rPois rC-} (You found it on level 1 of the Lair of
                  | Beasts)
 20672 | Lair:3   | Identified a scroll of acquirement
 20672 | Lair:3   | Identified the Incunabulum of Confrontation and the Blaze
                  | (You acquired it on level 3 of the Lair of Beasts)
 21364 | Lair:3   | Reached XP level 13. HP: 40/119 MP: 3/27
 21846 | Lair:4   | Found a gate leading to a gauntlet.
 21855 | Gauntlet | Entered a Gauntlet
 21855 | Gauntlet | Found a transporter.
 21855 | Gauntlet | Found a large runed translucent door.
 21855 | Gauntlet | Found a large runed translucent door.
 21855 | Gauntlet | Found a large runed translucent door.
 21855 | Gauntlet | Found a large runed translucent door.
 21855 | Gauntlet | Found a runed translucent door.
 21855 | Gauntlet | Found a runed translucent door.
 21855 | Gauntlet | Found a large runed translucent door.
 21855 | Gauntlet | Found a large runed translucent door.
 21855 | Gauntlet | Found a large runed translucent door.
 21855 | Gauntlet | Found a large runed translucent door.
 21855 | Gauntlet | Found a large runed translucent door.
 21855 | Gauntlet | Found a large runed translucent door.
 21856 | Gauntlet | Found a large runed translucent door.
 21856 | Gauntlet | Found a large runed translucent door.
 21864 | Gauntlet | Found a large runed translucent door.
 21864 | Gauntlet | Found a large runed translucent door.
 21865 | Gauntlet | Found a runed translucent gate.
 21865 | Gauntlet | Found a runed translucent gate.
 21865 | Gauntlet | Found a runed translucent gate.
 21866 | Gauntlet | Noticed a death ooze
 21867 | Gauntlet | Found a transporter.
 21870 | Gauntlet | Found a transporter.
 21881 | Gauntlet | Found a transporter.
 21892 | Gauntlet | Found a transporter.
 21897 | Gauntlet | Found a transporter.
 21912 | Gauntlet | Found a transporter.
 21931 | Gauntlet | Found a transporter.
 21943 | Gauntlet | Found a transporter.
 21952 | Gauntlet | Found a transporter.
 21967 | Gauntlet | Found a transporter.
 21979 | Gauntlet | Found a transporter.
 21979 | Gauntlet | Noticed a balrug
 21996 | Gauntlet | Found a transporter.
 22014 | Gauntlet | Found a transporter.
 22016 | Gauntlet | Found a transporter.
 22034 | Gauntlet | Found a large runed translucent door.
 22035 | Gauntlet | Found a large runed translucent door.
 22043 | Gauntlet | Found a transporter.
 22123 | Gauntlet | Found a transporter.
 22145 | Gauntlet | Found a transporter.
 22189 | Gauntlet | Upgraded the game from 0.25-a0-36-g303dd5b1f4 to
                  | 0.25-a0-41-g6cf4ce537d
 22314 | Lair:4   | Reached skill level 13 in Fighting
 22500 | Lair:4   | Found a hole to the Spider Nest.
 22843 | Lair:4   | Found a staircase to the Swamp.
 23067 | Lair:4   | Bought the ring of the Median {MR++ MP-9 Int+6 SInv} for
                  | 289 gold pieces
 23621 | Lair:5   | Noticed Josephine
 23634 | Lair:5   | Killed Josephine
 23730 | Lair:5   | Reached skill level 14 in Fighting
 23750 | Lair:5   | Identified the Grimoire of Toxic Evil Arts
 24251 | Lair:6   | Entered Level 6 of the Lair of Beasts
 25035 | Lair:6   | Found a staircase to the Slime Pits.
 25262 | Lair:6   | Got a scorched flail
 25446 | Lair:6   | Reached skill level 5 in Fire Magic
 26879 | Lair:6   | Noticed Rupert
 26885 | Lair:6   | Paralysed by Rupert for 4 turns
 26902 | Lair:6   | HP: 3/125 [Rupert/+0 battleaxe of flaming (11)]
 27756 | D:12     | Reached skill level 15 in Fighting
 28939 | D:12     | Reached XP level 14. HP: 131/135 MP: 17/29
 29645 | D:12     | Identified the ring of Ifyoroa {rElec rF+ rC+ MP+9 Str-3}
 29645 | D:12     | Noticed a vampire knight
 29645 | D:12     | Noticed a sphinx
 29654 | D:12     | Killed a sphinx
 30046 | D:11     | Learned a level 5 spell: Iskenderun's Battlesphere
 30225 | D:13     | Reached skill level 10 in Fire Magic
 30227 | D:13     | Reached skill level 1 in Charms
 31364 | D:13     | Reached skill level 5 in Shields
 31672 | Orc:1    | Entered Level 1 of the Orcish Mines
 31693 | Orc:1    | Noticed an orc warlord
 32455 | D:10     | Killed an orc warlord
 32871 | Orc:1    | Found a roughly hewn altar of Beogh.
 32953 | Orc:1    | You are sucked into a shaft and drop 1 floor!
 32953 | Orc:2    | Entered Level 2 of the Orcish Mines
 32953 | Orc:2    | Found a bloodstained altar of Trog.
 32984 | Orc:1    | Noticed Urug
 33017 | Orc:1    | Killed Urug
 33374 | Orc:2    | Found a staircase to the Elven Halls.
 33453 | Orc:2    | Found a roughly hewn altar of Beogh.
 34164 | Orc:2    | Found a roughly hewn altar of Beogh.
 34252 | Orc:2    | Noticed Saint Roka
 34967 | Orc:2    | HP: 4/135 [orc warrior/+0 trident (13)]
 34968 | Orc:2    | HP: 1/135 [orc warrior/+0 trident (3)]
 35668 | Orc:2    | Reached skill level 1 in Polearms
 35831 | Orc:2    | Found a roughly hewn altar of Beogh.
 35857 | Orc:2    | Found a roughly hewn altar of Beogh.
 36009 | Orc:2    | Found a roughly hewn altar of Beogh.
 36205 | Orc:2    | Found Reul's Gadget Shop.
 36235 | Orc:2    | Found a roughly hewn altar of Beogh.
 36236 | Orc:2    | Found Toaggouq's Book Boutique.
 36303 | Orc:2    | Found Xutalori's Antique Armour Emporium.
 36306 | Orc:2    | Found Koem's Antique Weapon Shoppe.
 36348 | Orc:2    | Found a roughly hewn altar of Beogh.
 36390 | Orc:2    | Found a roughly hewn altar of Beogh.
 37275 | D:12     | HP: 2/135 [vampire knight/vampiric draining (12)]
 37276 | D:12     | Succumbed to a vampire knight's poison

Levels and vault maps discovered:
D:1:      ncdulo_lavacross, layout_loops_ring, kennysheep_nondescript,
          amethyst_killhole
D:2:      minmay_chambers_of_ones, layout_rooms
D:3:      layout_basic, lemuel_blue_sif_altar, first_ration, chequers_garden,
          lemuel_statue_altar
D:4:      layout_basic, kennysheep_vampire_church, zin_angel, fedhas_altar_3,
          uniq_robin
D:5:      layout_loops_ring, minmay_misc_feat_square, grunt_gozag_statues
D:6:      layout_rooms, eat_drink_and_be_merry_uskayaw, uniq_duvessa,
          uniq_crazy_yiuf_cottage, uniq_edmund
D:7:      layout_basic, old_standard_altar, minmay_temple_entry_enclosed_plants,
          grunt_ogre_cave
D:8:      layout_rooms, lemuel_crystal_altar
D:9:      layout_grid_maze, amethyst_overflow_temple_binary
D:10:     layout_loops_ring, david_orc_3, basic_altar, serial_shops,
          nicolae_shop_statue_plus, minivault_8, uniq_fannar
D:11:     layout_irregular_city, lair_entry_dummy, basic_altar,
          eino_small_chamber_without_monster, pond
D:12:     kennysheep_snake, layout_long_grid
D:13:     layout_basic, david_vaults_2
Temple:   nicolae_temple_god_jail
Lair:1:   layout_concentric_octagons, portal_ice_cave_entry_imps, worms_lemuel
Lair:2:   layout_misc_corridors, special_room [special_room_bee]
Lair:3:   dpeg_oklob_shooting_range, layout_regular_city, serial_bayou_shore_a,
          serial_bayou_shore_b
Lair:4:   layout_roguey, minmay_swamp_entry_worms, dummy_spider_entry,
          gauntlet_entry_generic, grunt_megastairs_5, lemuel_fruit_tree
Lair:5:   layout_hall_layers, uniq_josephine
Lair:6:   minmay_lair_end_enchanted_forest, layout_cave_pods, slime_dummy,
          grunt_megastairs_3, minmay_lair_oklob_chamber, uniq_rupert
Orc:1:    layout_caves, basic_altar, lightli_orcish_oven, uniq_urug
Orc:2:    grunt_orc_community_town_hall, layout_caves,
          grunt_orc_community_big_house_2, grunt_orc_community_big_house_1,
          grunt_orc_community_house_1, grunt_orc_community_house_1,
          grunt_orc_community_house_3, grunt_orc_community_house_1,
          grunt_orc_community_house_3, basic_altar

Skill      XL: |  1  2  3  4  5  6  7  8  9 10 11 12 13 14 |
---------------+-------------------------------------------+-----
Fighting       | 1 2 3 4 5 7 9 10 12 15 | 15.0
Conjurations   | 2 3 4 8 9 |  9.0
Summonings     | 2 |  2.0
Air Magic      | 1 2 |  2.3
Fire Magic     | 2 8 10 | 10.0
Spellcasting   | 5 7 8 10 11 | 11.0
Dodging        | 4 5 10 11 | 11.0
Shields        | 2 4 7 |  7.6
Charms         | 4 |  4.0
Polearms       | 2 |  2.2
Stealth        | |  1.7
Translocations | |  1.0

Action                   |  1- 3 |  4- 6 |  7- 9 | 10-12 | 13-15 || total
-------------------------+-------+-------+-------+-------+-------++-------
Melee: Dagger            |    11 |       |       |       |       ||    11
       Tailslap          |     1 |       |       |       |    33 ||    34
       Hunting sling     |       |       |       |       |    10 ||    10
       Demon trident     |       |       |       |       |   283 ||   283
 Fire: Hunting sling     |    17 |   131 |   429 |   835 |   629 ||  2041
 Cast: Magic Dart        |    91 |    45 |    91 |   177 |   182 ||   586
       Conjure Flame     |       |     1 |    30 |    48 |    42 ||   121
       Mephitic Cloud    |       |       |     7 |     2 |     3 ||    12
       Iskenderun's Myst |       |       |       |    71 |   278 ||   349
       Blink             |       |       |       |     8 |    15 ||    23
       Call Imp          |       |       |       |     6 |       ||     6
       Fulminant Prism   |       |       |       |    32 |    35 ||    67
       Iskenderun's Batt |       |       |       |       |     2 ||     2
Invok: Call Merchant     |       |       |     1 |     1 |     1 ||     3
 Abil: Breathe Steam     |       |       |     2 |     1 |       ||     3
Evoke: Wand              |       |       |     1 |     2 |     8 ||    11
  Use: Scroll            |       |     2 |     9 |    19 |    13 ||    43
       Potion            |       |     2 |       |     3 |     9 ||    14
 Stab: Distracted        |       |       |       |       |     1 ||     1
  Eat: Chunk             |     3 |    10 |       |       |       ||    13
       Ration            |       |       |     5 |    11 |    15 ||    31
Armor: Skin              |     6 |    18 |    67 |   181 |   280 ||   552
Dodge: Dodged            |    23 |    49 |   110 |   451 |   631 ||  1264
Block: Buckler           |       |       |       |   186 |   337 ||   523

Table legend:
 A = Non-vault XP
 B = Vault XP
 C = Vault XP percentage of total XP
 D = Non-vault monster count
 E = Vault monster count
 F = Vault count percentage of total count
                 A         B        C        D         E       F
            +---------+---------+-------+---------+---------+-------
      Total |   66682 |   32494 |  32.8 |     477 |     215 |  31.1
            +---------+---------+-------+---------+---------+-------
        D:1 |      38 |       0 |   0.0 |      23 |       0 |   0.0
        D:2 |      61 |      19 |  23.8 |      23 |       5 |  17.9
        D:3 |     212 |       0 |   0.0 |      31 |       0 |   0.0
        D:4 |     117 |     149 |  56.0 |       6 |      14 |  70.0
        D:5 |     394 |       0 |   0.0 |      17 |       0 |   0.0
        D:6 |    1089 |     433 |  28.4 |      15 |       4 |  21.1
        D:7 |    1020 |     118 |  10.4 |      28 |       1 |   3.4
        D:8 |    1272 |       0 |   0.0 |      26 |       0 |   0.0
        D:9 |    1741 |       0 |   0.0 |      19 |       0 |   0.0
       D:10 |    6808 |    2979 |  30.4 |      49 |      12 |  19.7
       D:11 |    7936 |     348 |   4.2 |      36 |       5 |  12.2
       D:12 |    5053 |   11552 |  69.6 |      22 |      32 |  59.3
       D:13 |    8943 |       0 |   0.0 |      36 |       0 |   0.0
     Lair:1 |    3898 |    1111 |  22.2 |      15 |      20 |  57.1
     Lair:2 |    1685 |    1581 |  48.4 |       6 |      22 |  78.6
     Lair:3 |   10223 |    1784 |  14.9 |      34 |       3 |   8.1
     Lair:4 |    2276 |    1436 |  38.7 |      10 |       3 |  23.1
     Lair:5 |    3315 |    1802 |  35.2 |      13 |       5 |  27.8
     Lair:6 |    4525 |    3930 |  46.5 |      20 |      20 |  50.0
      Orc:1 |    3807 |    1262 |  24.9 |      20 |       8 |  28.6
      Orc:2 |    2269 |    3990 |  63.7 |      28 |      61 |  68.5
            +---------+---------+-------+---------+---------+-------
